 Dungeon Crawl Stone Soup version 0.21-a0-471-gd587bd5 (webtiles) character file.

170 theanonym the Sneak (level 5, -2/21 HPs)
             Began as a Felid Enchanter on Nov 22, 2017.
             Slain by an orc
             ... wielding a +0 flail
              (7 damage)
             ... on level 3 of the Dungeon.
             The game lasted 00:14:03 (4597 turns).

theanonym the Sneak (Felid Enchanter)               Turns: 4597, Time: 00:14:03

Health: -2/21      AC:  1    Str:  4    XL:     5   Next: 26%
Magic:  2/10       EV: 18    Int: 17    God:
Gold:   181        SH:  0    Dex: 21    Spells: 1/10 levels left
                                        Lives:  0   Deaths: 1

rFire    . . .     SeeInvis +     - Unarmed
rCold    . . .     Gourm    .   (shield unavailable)
rNeg     . . .     Faith    .   (armour unavailable)
rPois    .         Spirit   .   (helmet unavailable)
rElec    .         Reflect  .   (cloak unavailable)
rCorr    .         Harm     .   (gloves unavailable)
MR       .....                  (boots unavailable)
Stlth    ++++......             (no amulet)
HPRegen  0.07/turn              h - +4 ring of dexterity
MPRegen  0.12/turn              (no ring)

@: quick
A: no armour, no weapons or thrown items, stealth, claws 1, fangs 3, see
invisible, carnivore 3, speed 1, shaggy fur 1, slow metabolism 1, sharp paws
a: no special abilities


Innate Abilities, Weirdness & Mutations

You cannot wear armour.
You are incapable of wielding weapons or throwing items.
Your paws allow you to move quietly. (Stealth)
You have sharp claws.
You have razor-sharp teeth.
You have supernaturally acute eyesight. (SInv)
You are carnivorous and can eat meat at any time.
You cover ground quickly.
You are covered in fur. (AC +1)
You have a slow metabolism.
Your sharp claws are effective at attacking unaware monsters.


   Skills:
 - Level 2.6 Dodging
 + Level 7.2 Stealth
 - Level 1.0 Unarmed Combat
 - Level 3.0 Spellcasting
 + Level 7.1 Hexes


You had one spell level left.
You knew the following spells:

 Your Spells              Type           Power        Failure   Level  Hunger
a - Corona                Hex            ####...      1%          1    None
b - Ensorcelled Hibernat  Hex/Ice        ##....       6%          2    ##.....
c - Confuse               Hex            ####....     2%          3    ###....
d - Tukima's Dance        Hex            ####....     2%          3    ###....

Skill      XL: |  1  2  3  4  5 |
---------------+----------------+-----
Stealth        | 5 6 7 |  7.2
Hexes          | 5 7 |  7.1
Spellcasting   | 3 |  3.0
Dodging        | |  2.6
Unarmed Combat | |  1.0

Action                   |  1- 3 |  4- 6 || total
-------------------------+-------+-------++-------
Melee: Unarmed           |    83 |   168 ||   251
       Bite              |     8 |    19 ||    27
       Punch             |       |     1 ||     1
 Cast: Corona            |     4 |     4 ||     8
       Ensorcelled Hiber |    29 |    30 ||    59
       Confuse           |       |    16 ||    16
  Use: Scroll            |       |     4 ||     4
 Stab: Sleeping          |    21 |    16 ||    37
       Confused          |       |     7 ||     7
  Eat: Chunk             |    10 |    14 ||    24
Armor: Skin              |     3 |    10 ||    13
Dodge: Dodged            |    67 |   177 ||   244

Inventory:

Jewellery
 h - a +4 ring of dexterity (left paw)
   (You found it on level 1 of the Dungeon)
 k - a +4 ring of intelligence {unknown}
   (You found it on level 3 of the Dungeon)
 n - an uncursed amulet of faith {Faith, !P}
   (You found it on level 2 of the Dungeon)
Scrolls
 m - a scroll of fog {unknown}
 r - 2 scrolls of identify
 t - 2 scrolls of teleportation {!r}
Potions
 c - a potion of might {unknown}
 d - a potion of lignification {unknown}
 e - 4 potions of agility
 i - 2 potions of degeneration {unknown}
 j - 3 potions of heal wounds {unknown}
 l - 3 potions of curing {unknown}
 o - 3 potions of magic {unknown}
Books
 a - a book of Maledictions

   Spells                             Type                      Level
   a - Corona                         Hexes                        1
   b - Ensorcelled Hibernation        Hexes/Ice                    2
   c - Confuse                        Hexes                        3
   d - Tukima's Dance                 Hexes                        3
   e - Dazzling Spray                 Conjuration/Hexes            3
Comestibles
 b - 5 meat rations
 f - 2 royal jellies

Dungeon Overview and Level Annotations

Branches:
Dungeon (3/15)

Altars:
Xom


You were on level 3 of the Dungeon.
You were very full.

You visited 1 branch of the dungeon, and saw 3 of its levels.
You also visited: Sewer.

You collected 181 gold pieces.


Message History

You are too injured to fight recklessly!
You are too injured to fight recklessly!
You are too injured to fight recklessly!
You are too injured to fight recklessly!
Aim: a jackal (severely wounded, chance to defeat MR: 81%)
The jackal is outlined in light.
The orc shouts!
The jackal barely misses you. The jackal bites you.
You take 2 damage, and have 12/21 hp.
You now have 9/10 mp.
You are too injured to fight recklessly!
You are too injured to fight recklessly!
You scratch the jackal.
You kill the jackal!
The orc closely misses you.
Aim: an orc, wielding a trident (chance to defeat MR: 62%)
The orc looks drowsy...
You now have 7/10 mp.
You are too injured to fight recklessly!
You are too injured to fight recklessly!
You are too injured to fight recklessly!
You are too injured to fight recklessly!
You pounce on the unaware helpless orc!
You mangle the orc!!
You kill the orc!
Things that are here:
a trident; an orc corpse
There is an open door here.
You see here a jackal corpse.
You see here a jackal corpse.
You butcher the jackal corpse.
g - a chunk of flesh You start resting.
Eating a chunk of flesh.
You eat the chunk of flesh.
This raw flesh tastes great.
Health restored: 21; MP restored: 10
There is an open door here.
You butcher the orc corpse.
g - 2 chunks of flesh You see here a trident. x2
Eating one of 2 chunks of flesh.
You eat one of the 2 chunks of flesh.
This raw flesh tastes great.
Eating a chunk of flesh.
You eat the chunk of flesh.
This raw flesh tastes great.
The orc is too close now for your liking.
An orc is nearby!
An orc is nearby!
An orc is nearby!
An orc is nearby!
An orc is nearby!
The orc wizard shouts!
You hear a shout!
The orc closely misses you.
You scratch the orc but do no damage. You bite the orc.
You closely miss the orc. The orc completely misses you.
Aim: an orc wizard, wielding a dagger and wearing a robe (chance to defeat MR: 45%)
The orc wizard looks drowsy...
The orc misses you.
You now have 8/10 mp.
The orc barely misses you.
The orc wizard shouts!
You scratch the orc wizard but do no damage.
You hear a shout!
The orc wizard barely misses you. The orc misses you.
Aim: an orc wizard, wielding a dagger and wearing a robe (chance to defeat MR: 55%)
The orc wizard resists with significant effort.
The orc wizard hits you with a dagger. The orc barely misses you.
You take 1 damage, and have 20/21 hp.
You now have 5/10 mp.
Aim: an orc wizard, wielding a dagger and wearing a robe (chance to defeat MR: 55%)
The orc wizard appears confused.
* * * LOW MAGIC WARNING * * *
The orc barely misses you. The orc closely misses you.
You now have 2/10 mp.
You pounce on the helpless orc wizard from behind!
You claw the orc wizard! The orc hits you with a flail. The orc misses you.
The orc completely misses you.
You take 6 damage, and have 14/21 hp.
MASSIVE DAMAGE!!
The orc barely misses you.
You scratch the orc wizard. Your bite misses the orc wizard.
The orc wizard barely misses you. The orc hits you with a dagger.
* * * LOW HITPOINT WARNING * * *
You take 4 damage, and have 10/21 hp.
You scratch the orc wizard.
You kill the orc wizard!
Your Hexes skill increases to level 7!
The orc hits you but does no damage. The orc completely misses you.
The orc barely misses you.
Found 3 fruits.
Aim: an orc, wielding a dagger and wearing a leather armour (chance to defeat MR: 62%)
The orc resists with significant effort.
* * * LOW MAGIC WARNING * * *
You now have 1/10 mp.
You don't have enough magic to cast that spell.
You scratch the orc. You scratch the orc. The orc barely misses you.
You scratch the orc but do no damage. The orc barely misses you.
You barely miss the orc. The orc barely misses you. The orc closely misses you.
You closely miss the orc. The orc misses you. The orc hits you with a dagger.
* * * LOW HITPOINT WARNING * * *
You take 3 damage, and have 8/21 hp.
You barely miss the orc. You scratch the orc but do no damage.
The orc hits you with a dagger.
* * * LOW HITPOINT WARNING * * *
The orc hits you with a flail!
You die...

......#..#)# .%. ..
####.....#<# ... #.##
........#### .... #.#.
...#.)..#
.....#.#.#####.#..#.#
...#...........##(####
..................(...
..#o##....###.......#
#.@oo...# #.......#
####....# ##......#
#....# #......# #....#
#....o.# #....#
#......# ########....#
#..?..o# #...........#
#?.....# #...........#
#......# #...≈≈≈....##
#..o...#


You could see 3 orcs.

Notes
Turn   | Place    | Note
-------+----------+-------------------------------------------
     0 | D:1      | theanonym the Felid Enchanter began the quest for the Orb.
     0 | D:1      | Reached XP level 1. HP: 7/7 MP: 4/4
    85 | D:1      | Reached XP level 2. HP: 11/11 MP: 4/6
   215 | D:1      | Learned a level 2 spell: Ensorcelled Hibernation
   536 | D:1      | Reached XP level 3. HP: 14/14 MP: 4/7
   652 | D:1      | Reached skill level 5 in Stealth
   799 | D:1      | HP: 6/14 [jackal (2)]
  1431 | D:1      | Reached skill level 5 in Hexes
  1693 | D:2      | Reached XP level 4. HP: 16/18 MP: 0/9
  1841 | D:2      | HP: 8/18 [ooze (3)]
  1844 | D:2      | Reached skill level 3 in Spellcasting
  2029 | D:2      | Learned a level 3 spell: Confuse
  2033 | D:2      | Learned a level 3 spell: Tukima's Dance
  2238 | D:2      | HP: 9/18 [orc/short sword (5)]
  2243 | D:2      | HP: 3/18 [orc/short sword (6)]
  2699 | D:2      | Reached skill level 6 in Stealth
  3092 | D:2      | Reached XP level 5. HP: 19/21 MP: 6/10
  3561 | D:3      | Reached skill level 6 in Hexes
  3590 | D:3      | Found a shimmering altar of Xom.
  3598 | D:3      | Found a shimmering altar of Xom.
  3598 | D:3      | Found a shimmering altar of Xom.
  3599 | D:3      | Found a shimmering altar of Xom.
  3981 | D:3      | Found a glowing drain.
  4062 | Sewer    | Entered a sewer
  4076 | Sewer    | Noticed nikopol's ghost (amateur DEFE)
  4146 | Sewer    | Noticed Purgy
  4156 | Sewer    | Killed Purgy
  4156 | Sewer    | Reached skill level 7 in Stealth
  4214 | Sewer    | HP: 9/21 [something/puff of flame (12)]
  4219 | Sewer    | Killed from afar by nikopol's ghost
  4220 | Sewer    | Reached XP level 4. HP: -3/18 MP: 9/9
  4298 | D:3      | Reached XP level 5. HP: 21/21 MP: 10/10
  4586 | D:3      | HP: 10/21 [orc/dagger (4)]
  4587 | D:3      | Reached skill level 7 in Hexes
  4595 | D:3      | HP: 8/21 [orc/dagger (3)]
  4597 | D:3      | Slain by an orc

Vanquished Creatures
  Purgy (Sewer)
  2 orc wizards
  A gnoll (D:1)
  A howler monkey skeleton (D:2)
  3 adders
  An ooze (D:2)
  4 dart slugs (D:1)
  2 leopard geckos
  4 orcs
  5 ball pythons
  4 giant cockroaches
  11 goblins
  6 hobgoblins
  6 jackals
  4 quokkas
  7 bats
  9 frilled lizards
  4 kobolds
  11 rats
86 creatures vanquished.
